 Dungeon Crawl Stone Soup version 0.28.0 (webtiles) character file.

Game seed: 13526248426204708966

273376 freelancePsychic the Phalangite (level 20, -3/158 HPs)
             Began as a Merfolk Fire Elementalist on Feb 7, 2022.
             Was the Champion of Hepliaklqana.
             Slain by an ironbound frostheart (13 damage)
             ... on level 1 of the Vaults on Feb 8, 2022.
             The game lasted 01:51:23 (55463 turns).

freelancePsychic the Phalangite (MfFE)             Turns: 55463, Time: 01:51:24

Health: -3/158     AC: 31    Str: 15    XL:     20   Next: 28%
Magic:  24/24      EV: 23    Int: 16    God:    Hepliaklqana [******]
Gold:   2558       SH:  5    Dex: 18    Spells: 19/25 levels left

rFire   . . .      SeeInvis .   X - +9 bardiche
rCold   . . .      Faith    .   (shield currently unavailable)
rNeg    + . .      Spirit   .   C - +5 pearl dragon scales
rPois   .          Reflect  +   S - +2 helmet
rElec   +          Harm     .   k - scarf {repulsion}
rCorr   .          Rampage  .   u - +2 pair of gloves {Dex+3}
Will    +....                   Y - +0 pair of boots
Stlth   +.........              D - amulet of reflection
HPRegen 0.36/turn               O - ring of Feexkeho {rElec EV+4}
MPRegen 0.19/turn               W - +4 ring of protection

@: about to teleport, marked, studying 2 skills, repel missiles
A: reduced essence, (nimble swimmer 2), mertail
}: 2/15 runes: decaying, gossamer
a: Renounce Religion, Recall Ancestor, Ancestor Identity, Transference, Idealise


You were on level 1 of the Vaults.
You worshipped Hepliaklqana.
Hepliaklqana was exalted by your worship.
You visited 7 branches of the dungeon, and saw 35 of its levels.
You visited the Abyss 1 time.

You collected 3000 gold pieces.
You spent 442 gold pieces at shops.

Inventory:

Hand Weapons
 X - a +9 bardiche (weapon)
Missiles
 a - 8 javelins
 n - 24 boomerangs (quivered)
 I - 11 silver javelins
Armour
 k - a scarf of repulsion (worn)
 u - a +2 pair of gloves of dexterity (worn)
 C - +5 pearl dragon scales (worn)
 L - the +0 hat "Caiv" {Will+ Dex+2}
   (You found it on level 4 of the Spider Nest)

   Dex:       It affects your dexterity (+2).
   Will:      It increases your willpower.
 S - a +2 helmet (worn)
 Y - a +0 pair of boots (worn)
Jewellery
 j - a ring of poison resistance
 t - a ring of wizardry
 D - an amulet of reflection (around neck)
 O - the ring of Feexkeho (left hand) {rElec EV+4}
   (You found it on level 6 of the Lair of Beasts)

   [ring of evasion]

   EV:        It affects your evasion (+4).
   rElec:     It insulates you from electricity.
 W - a +4 ring of protection (right hand)
Wands
 g - a wand of mindburst (10)
 v - a wand of flame (21)
 y - a wand of acid (10)
 H - a wand of paralysis (8)
 J - a wand of polymorph (25)
 P - a wand of digging (10)
 U - a wand of iceblast (16)
Scrolls
 d - a scroll of torment
 e - a scroll of identify {@r1}
 h - 6 scrolls of fog
 i - 7 scrolls of blinking
 l - 8 scrolls of teleportation {@r4}
 m - 6 scrolls of immolation
 w - 3 scrolls of amnesia
 G - 4 scrolls of magic mapping
 K - 5 scrolls of summoning
 N - 3 scrolls of fear
 Z - 2 scrolls of holy word
Potions
 b - 21 potions of curing {@q1}
 f - 4 potions of berserk rage
 o - 10 potions of haste {@q3}
 p - 10 potions of brilliance
 q - 3 potions of resistance
 r - 3 potions of cancellation
 s - 3 potions of magic
 x - 6 potions of flight
 z - 4 potions of ambrosia
 B - 4 potions of lignification
 E - a potion of attraction
 F - 3 potions of might
 M - 3 potions of mutation
 R - 6 potions of heal wounds {@q2}
 T - 2 potions of invisibility
 V - 2 potions of degeneration
Miscellaneous
 c - a phantom mirror


   Skills:
 - Level 20.1 Fighting
 - Level 24.0 Polearms
 - Level 6.3 Throwing
 + Level 8.5 Armour
 - Level 19.9 Dodging
 - Level 2.1 Stealth
 - Level 3.0 Spellcasting
 + Level 7.1 Conjurations
 * Level 15.3 Transmutations
 - Level 2.1 Fire Magic
 - Level 6.2 Invocations
 - Level 10.1 Evocations


You had 19 spell levels left.
You knew the following spells:

 Your Spells              Type           Power      Damage    Failure   Level
a - Foxfire               Conj/Fire      68%        2x1d7     11%         1
h - Irradiate             Conj/Tmut      19%        3d20      21%         5

Your spell library contained the following spells:

 Spells                   Type           Power      Damage    Failure   Level
 Blade Hands              Tmut           25%        N/A       3%          5
 Magic Dart               Conj           100%       1d8       4%          1
 Conjure Flame            Conj/Fire      17%        6-21      32%         3
 Ice Form                 Ice/Tmut       26%        N/A       32%         4
 Petrify                  Tmut/Erth      26%        N/A       32%         4
 Scorch                   Fire           18%        2d6       43%         2
 Summon Small Mammal      Summ           8%         N/A       58%         1
 Mephitic Cloud           Conj/Pois/Air  10%        N/A       65%         3
 Flame Wave               Conj/Fire      17%        2d6       73%         4
 Call Imp                 Summ           2%         N/A       75%         2
 Poisonous Vapours        Pois/Air       4%         N/A       75%         2
 Sublimation of Blood     Necr           2%         N/A       75%         2
 Dragon Form              Tmut           25%        N/A       75%         7
 Inner Flame              Hex/Fire       5%         N/A       82%         3
 Hailstorm                Conj/Ice       13%        3d5       86%         4
 Call Canine Familiar     Summ           2%         N/A       92%         3
 Frozen Ramparts          Ice            4%         1d2       92%         3
 Ozocubu's Armour         Ice            2%         N/A       92%         3
 Summon Guardian Golem    Hex/Summ       2%         N/A       92%         3
 Fireball                 Conj/Fire      8%         3d6       97%         5
 Lightning Bolt           Conj/Air       6%         1d18      99%         5
 Eringya's Noxious Bog    Tmut/Pois      13%        N/A       99%         6
 Airstrike                Air            1%         N/A       100%        4
 Summon Ice Beast         Ice/Summ       2%         N/A       100%        4
 Summon Lightning Spire   Summ/Air       2%         N/A       100%        4
 Freezing Cloud           Conj/Ice/Air   5%         6-21      100%        5
 Metabolic Englaciation   Hex/Ice        1%         N/A       100%        5
 Summon Forest            Summ/Tloc      1%         N/A       100%        5
 Summon Mana Viper        Hex/Summ       2%         N/A       100%        5
 Simulacrum               Ice/Necr       1%         N/A       100%        6
 Starburst                Conj/Fire      8%         6d4       100%        6
 Summon Cactus Giant      Summ           1%         N/A       100%        6
 Monstrous Menagerie      Summ           1%         N/A       100%        7
 Summon Hydra             Summ           1%         N/A       100%        7
 Ignition                 Fire           4%         3d4       100%        8
 Polar Vortex             Ice            1%         N/A       100%        9


Dungeon Overview and Level Annotations

Branches:
Dungeon (15/15)            Temple (0/1) D:6            Lair (6/6) D:9
  Swamp (4/4) Lair:4       Spider (4/4) Lair:3        Slime (0/5) Lair:6
    Orc (2/2) D:10            Elf (3/3) Orc:2        Vaults (1/5) D:13
 Depths (0/4) D:15

Altars:
Gozag
Hepliaklqana
Kikubaaqudgha
Makhleb
Ru
Trog
Vehumet
Xom
Yredelemnul
The Shining One
Beogh
Lugonu

Shops:
Orc:1 *   Orc:2 =:(!?

Portals:
Abyss: Lair:6
Trove: D:11 (give 7 scrolls of fog)

Annotations:
D:3 exclusion: scorpion
D:9 exclusion: 4 doors
D:12 1 runed translucent door
Lair:1 2 transporters, Xaytacwe's ghost, journeyman GnNe
Lair:3 exclusion: oklob plant
Lair:4 exclusion: oklob plant
Swamp:3 3 runed translucent doors, Ricegish's ghost, adept GnFi
Spider:2 1 runed translucent door, ratboy's ghost, adept GrEE
Orc:1 2 transporters, AlmostDecent's ghost, journeyman GnEE
Elf:2 3 runed translucent doors


Innate Abilities, Weirdness & Mutations

Your life essence is reduced to manifest your ancestor. (-10% HP)
((You are very nimble when in or above water. (Stealth+, EV+, Speed+++)))
Your lower body shifts to a powerful aquatic tail in water.


Message History

You feel much better. The ice encasing you melts away.
The phantasmal warrior gestures at you.
The phantasmal warrior blinks!
You feel much better.
The ironbound frostheart closely misses you.
The vault sentinel blows a loud note on a signal horn!
You hear a shout!
As you read the scroll of teleportation {@r4}, it crumbles to dust.
You feel strangely unstable.
You hear a shout!
The vault sentinel blows a loud note on a signal horn!
The ironbound frostheart touches you!
* * * LOW HITPOINT WARNING * * *
The ironbound frostheart freezes you!!
* * * LOW HITPOINT WARNING * * *
The vault sentinel unwields a +0 falchion.
The vault sentinel wields a +0 arbalest.
The vault sentinel shoots a bolt.
The bolt misses you.
You hear a shout!
You feel much better.
The ironbound convoker gestures at the vault sentinel while chanting.
The vault sentinel seems to grow stronger.
The ironbound frostheart closely misses you. x2
You feel much better.
The vault sentinel shoots a bolt.
You reflect the bolt off an invisible shield around you!
The bolt hits the vault sentinel but does no damage.
The ironbound frostheart completely misses you.
The ironbound frostheart touches you!
* * * LOW HITPOINT WARNING * * *
The ironbound frostheart freezes you!!
* * * LOW HITPOINT WARNING * * *
You feel much better.
The vault sentinel casts a spell at you.
The mark upon you grows brighter. The ironbound frostheart touches you!
* * * LOW HITPOINT WARNING * * *
The ironbound frostheart freezes you!!
* * * LOW HITPOINT WARNING * * *
The ironbound frostheart touches you!
You die...

#........#........# .
#........+ #...#..# .# #
#........#........# .#.#.
#........#...#....#......
'........#........#......
#........#.....p.pp......
#........########p#
########'#......p.#
#.'p.....@p# #.#...##...#
#.#........# .##...##...#
.# #........# .#
########## .# ##


You could see 2 ironbound frosthearts, 2 vault sentinels, an ironbound convoker
(catching breath) and a wizard.

Vanquished Creatures
  Arachne (Spider:2)
  A tentacled monstrosity (Swamp:3)
  Mlioglotl (Spider:2)
  A deep elf master archer (Elf:3)
  A deep elf blademaster (Elf:3)
  3 tentacled starspawn (Abyss:3)
  A thorn hunter (Swamp:4)
  Donald (Spider:2)
  A vault warden (Vaults:1)
  3 deep elf sorcerers
  4 ghost moths
  Louise (Swamp:1)
  Aizul (Swamp:3)
  5 deep elf elementalists
  2 ghouls (Swamp:1)
  An ironbound preserver (Vaults:1)
  An ironbound thunderhulk (Vaults:1)
  A broodmother (Spider:4)
  A war gargoyle (Vaults:1)
  4 eleionomae
  6 bunyips
  3 deep elf demonologists
  3 entropy weavers
  4 deep elf annihilators (Elf:3)
  A spark wasp (Spider:4)
  A deep elf death mage (Elf:3)
  Snorg (Lair:5)
  A blizzard demon (Abyss:3)
  A shambling mangrove (Swamp:2)
  3 deep elf high priests (Elf:3)
  Erolcha (Orc:2)
  2 hydras
  A fenstrider witch zombie (Abyss:3)
  Fannar (D:12)
  A radroach (Spider:4)
  5 boulder beetles
  3 ghost crabs
  3 centaur warriors
  An ironbound frostheart (Vaults:1)
  An ogre mage (D:15)
  6 two-headed ogres
  10 dancing weapons
  9 alligators
  3 tengu warriors
  3 thrashing horrors
  An orc high priest (Orc:2)
  9 deep elf knights
  A soul eater (Abyss:3)
  A fire crab (shapeshifter) (D:15)
  Sonja (D:13)
  A death drake (Swamp:4)
  2 wretched stars (Abyss:3)
  6 pharaoh ants
  2 sun moths (Spider:4)
  7 steelbarb worms
  4 deep trolls (Vaults:1)
  2 goliath frogs
  7 bog bodies
  8 deep elf archers
  3 spriggan druids
  6 orb spiders
  A wizard (Vaults:1)
  3 orc knights
  4 swamp dragons
  16 deep elf zephyrmancers
  2 phantasmal warriors
  A frost giant zombie (D:15)
  23 deep elf pyromancers
  8 orc sorcerers
  2 necromancers
  8 wolf spiders
  A worldbinder (Abyss:3)
  6 will-o-the-wisps
  3 manticores
  A cyclops (D:13)
  13 ugly things
  2 black mambas
  Maurice (D:12)
  3 moths of wrath
  11 elephants
  4 smoke demons
  A black mamba (shapeshifter) (D:14)
  5 cane toads
  An apocalypse crab (Abyss:3)
  2 torpor snails
  3 kobold demonologists
  2 gargoyles (D:13)
  8 demonic crawlers
  10 komodo dragons
  2 swamp worm zombies (Swamp:4)
  3 rime drakes
  An efreet (Abyss:3)
  7 yaktaurs
  3 ancient zymes
  A tengu conjurer (D:13)
  4 hydra zombies (Swamp:4)
  A bloated husk (Swamp:4)
  5 meliai
  2 trolls
  4 tyrant leeches
  5 slime creatures
  7 tarantellas
  5 hornets
  7 raiju (Abyss:3)
  10 blink frogs
  A culicivora (shapeshifter) (D:15)
  A spectral swamp dragon (Swamp:4)
  An alligator zombie (Swamp:4)
  8 culicivoras
  18 jumping spiders
  3 spriggans
  A flying skull (Abyss:3)
  4 wraiths
  3 air elementals
  4 water elementals
  A fire bat (shapeshifter) (Lair:6)
  4 hogs
  A human (D:8)
  39 yaks
  A fire elemental (Elf:2)
  2 ynoxinuls (Lair:6)
  5 vampire mosquitoes (D:12)
  25 redbacks
  A neqoxec (Abyss:3)
  3 chaos spawn
  A warg (Orc:2)
  10 swamp worms
  Edmund (D:5)
  An acid dragon (D:12)
  9 small abominations
  9 water moccasins
  2 swamp dragon zombies (Swamp:4)
  3 black bears
  An ice beast (D:7)
  A sky beast (Abyss:3)
  15 orc warriors
  4 large abominations
  6 ogres
  5 wolves
  3 centaurs (D:13)
  A kobold brigand (D:12)
  2 phantoms (Swamp:4)
  A gnoll sergeant (D:7)
  4 scorpions
  8 bullfrogs
  An earth elemental (Elf:2)
  A water moccasin skeleton (D:5)
  2 killer bees (D:11)
  5 wights
  7 electric eels
  2 centaur zombies
  2 jellies
  9 orc priests
  A centaur skeleton (D:4)
  A hound (D:5)
  A bullfrog skeleton (D:5)
  An iron imp (Abyss:3)
  A gnoll shaman (D:7)
  Natasha (D:2)
  17 orc wizards
  3 yak simulacra (Lair:6)
  A polar bear simulacrum (Lair:6)
  5 wolf simulacra (Lair:6)
  2 howler monkey zombies
  5 adders
  7 gnolls
  A shadow imp (D:8)
  2 ufetubi
  3 worms
  A dart slug (D:4)
  52 orcs
  2 endoplasms
  4 giant cockroaches
  6 goblins
  4 hobgoblins
  4 jackals
  10 kobolds
  5 quokkas
  3 ball pythons
  2 bats (D:1)
  3 frilled lizards
  2 rats
  A river rat simulacrum (Lair:6)
  2 briar patches (Swamp:4)
  2 starspawn tentacles (Abyss:3)
779 creatures vanquished.

Vanquished Creatures (collateral kills)
  Bai Suzhen (Elf:3)
  A bone dragon (Swamp:4)
  A thorn hunter (Swamp:3)
  2 deep elf sorcerers (Elf:3)
  A ghost moth (Spider:3)
  3 deep elf elementalists (Elf:3)
  An ironbound thunderhulk (Vaults:1)
  2 broodmothers
  An ironbound preserver (Vaults:1)
  A deep elf demonologist (Elf:3)
  5 entropy weavers
  4 deep elf annihilators (Elf:3)
  2 eleionomae
  4 bunyips
  A spark wasp (Spider:1)
  2 deep elf death magi (Elf:3)
  A yaktaur captain (D:13)
  2 deep elf high priests (Elf:3)
  7 hydras
  3 boulder beetles
  8 centaur warriors
  A catoblepas (D:14)
  6 alligators
  A tengu warrior (D:15)
  A dancing weapon (Elf:1)
  5 two-headed ogres
  2 thrashing horrors (Lair:6)
  2 skeletal warriors (D:15)
  7 deep elf knights
  3 sun moths
  2 pharaoh ants
  4 deep trolls (Vaults:1)
  An orb spider (Spider:2)
  A goliath frog (Swamp:2)
  3 steelbarb worms (Spider:4)
  A spriggan druid (Swamp:3)
  A wizard (Vaults:1)
  3 swamp dragons
  5 spectral hydras (Swamp:4)
  A shadow dragon zombie (D:15)
  5 deep elf pyromancers (Elf:3)
  3 deep elf zephyrmancers
  2 deep elf archers (Elf:2)
  5 ugly things
  4 orc sorcerers
  3 wolf spiders
  2 will-o-the-wisps
  A moth of wrath (Spider:4)
  A cyclops (D:9)
  A salamander (shapeshifter) (D:13)
  A centaur zombie (D:11)
  3 black mambas
  2 elephants
  3 cane toads
  2 torpor snails (Spider:4)
  Maggie (D:8)
  2 kobold demonologists
  A swamp worm zombie (Swamp:4)
  7 demonic crawlers
  6 komodo dragons
  A yaktaur (Vaults:1)
  A spriggan skeleton (D:15)
  6 blink frogs
  A meliai (Spider:2)
  A hydra zombie (Swamp:4)
  4 tarantellas
  2 hornets (Swamp:2)
  A tyrant leech (Swamp:2)
  A troll (D:13)
  A spriggan zombie (D:15)
  2 slime creatures
  5 alligator zombies (Swamp:4)
  Sigmund (D:3)
  A shadow (D:13)
  2 spriggans
  6 culicivoras
  12 jumping spiders
  A wyvern (D:9)
  A water elemental (Elf:1)
  A vampire (D:12)
  Eustachio (D:4)
  A fire elemental (Elf:1)
  2 hogs
  22 yaks
  3 basilisks
  A chaos spawn (Lair:6)
  A human (Lair:6)
  18 redbacks
  A vampire mosquito (D:12)
  2 steam dragons
  Menkaure (D:4)
  3 swamp worms
  An acid dragon (D:9)
  5 water moccasins
  A swamp drake (Swamp:1)
  2 ice beasts
  4 ogres
  4 black bears
  4 orc warriors
  2 sky beasts (D:6)
  2 necrophages
  2 wolves (Lair:5)
  A knight (Spider:2)
  3 centaurs
  2 phantoms (Swamp:4)
  2 kobold brigands
  3 bullfrogs
  A gnoll sergeant (D:7)
  3 scorpions
  A wyvern zombie (D:9)
  2 killer bees (D:11)
  2 wights
  An electric eel (D:8)
  2 howler monkeys
  A small abomination (Lair:6)
  A bullfrog zombie (D:5)
  4 orc priests
  2 hounds
  2 jellies
  2 iguanas
  18 orc wizards
  2 spectral swamp drakes (Swamp:4)
  A wolf simulacrum (Lair:6)
  A hound skeleton (D:4)
  2 howler monkey zombies
  9 gnolls
  4 adders
  2 shadow imps (D:6)
  A white imp (D:7)
  A worm (D:5)
  27 orcs
  A ball python (D:4)
  A bat (D:3)
  2 endoplasms (D:2)
  2 giant cockroaches
  A goblin (D:2)
  A hobgoblin (D:4)
  2 jackals (D:4)
  A quokka (D:5)
  A kobold (D:4)
  A rat (D:2)
  6 briar patches
  A bush (D:15)
  A butterfly (Lair:4)
  2 foxfires
418 creatures vanquished.

Vanquished Creatures (others)
  A hydra (D:15)
  2 deep elf knights
  A bog body (Swamp:4)
  A deep elf zephyrmancer (Elf:2)
  A deep elf archer (Elf:2)
  2 yaktaurs (Vaults:1)
  3 bloated husks (Swamp:4)
  2 spriggans (Swamp:4)
  A phantom (Swamp:4)
  A kobold brigand (D:9)
  A bullfrog (D:9)
  A gnoll sergeant (D:9)
  An orc priest (D:9)
  2 orc wizards
  42 knights
  2 orcs
  An ancestor (D:2)
  A briar patch (Swamp:4)
  3 bushes (D:15)
  242 foxfires
  67 fungi
  A lurking horror (Abyss:3)
  85 plants
  7 starspawn tentacles (Abyss:3)
  2 withered plants (D:15)
473 creatures vanquished.

Grand Total: 1670 creatures vanquished

Notes
Turn   | Place    | Note
-------+----------+-------------------------------------------
     0 | D:1      | freelancePsychic the Merfolk Fire Elementalist began the
                  | quest for the Orb.
     0 | D:1      | Reached XP level 1. HP: 13/13 MP: 3/3
   271 | D:1      | Reached skill level 1 in Fighting
   272 | D:1      | Reached XP level 2. HP: 21/21 MP: 0/5
   744 | D:1      | Found a faded altar of an unknown god.
   894 | D:1      | Prayed at the altar of an unknown god.
   894 | D:1      | Became a worshipper of Hepliaklqana the Forgotten
   894 | D:1      | Reached * piety under Hepliaklqana
   979 | D:2      | Reached XP level 3. HP: 24/24 MP: 1/7
  1973 | D:2      | Reached XP level 4. HP: 30/30 MP: 4/8
  2151 | D:3      | Noticed a scorpion
  2192 | D:3      | Noticed Sigmund
  2217 | D:3      | Killed Sigmund
  2218 | D:3      | Reached skill level 3 in Polearms
  2218 | D:3      | Reached XP level 5. HP: 30/37 MP: 0/9
  2322 | D:3      | Reached XP level 6. HP: 43/43 MP: 5/10
  2416 | D:3      | Noticed Natasha
  2429 | D:2      | Killed Natasha
  2722 | D:3      | Reached skill level 4 in Polearms
  3055 | D:3      | Reached skill level 5 in Dodging
  3279 | D:4      | Reached ** piety under Hepliaklqana
  3280 | D:4      | Remembered your ancestor Aqua Dan as a knight
  3339 | D:4      | Identified the +1 robe of Duty {rF+}
  3378 | D:4      | Noticed Menkaure
  3388 | D:4      | Killed Menkaure
  3389 | D:4      | Reached skill level 5 in Polearms
  3389 | D:4      | Reached XP level 7. HP: 26/49 MP: 2/11
  3678 | D:4      | Reached skill level 5 in Fighting
  3706 | D:4      | Noticed Eustachio
  3723 | D:4      | Killed Eustachio
  3724 | D:4      | Reached skill level 6 in Polearms
  3729 | D:4      | Reached XP level 8. HP: 39/56 MP: 8/12
  5030 | D:5      | Entered Level 5 of the Dungeon
  5229 | D:5      | Reached skill level 1 in Invocations
  5258 | D:5      | Found an opulent altar of Gozag.
  5332 | D:5      | Reached skill level 7 in Polearms
  5385 | D:5      | Noticed Edmund
  5401 | D:5      | Killed Edmund
  5658 | D:5      | Reached *** piety under Hepliaklqana
  5896 | D:5      | Reached skill level 8 in Polearms
  6190 | D:6      | Found a staircase to the Ecumenical Temple.
  6196 | D:6      | Reached XP level 9. HP: 61/64 MP: 13/13
  6204 | D:6      | Identified the +1 leather armour of Greed {Harm MP+9}
  6369 | D:6      | Reached skill level 9 in Polearms
  6878 | D:6      | Reached skill level 1 in Evocations
  7538 | D:7      | Reached skill level 10 in Polearms
  7670 | D:7      | Identified the -1 cloak "Afyduokaduc" {rN+}
  8087 | D:7      | Reached **** piety under Hepliaklqana
  8407 | D:7      | Reached XP level 10. HP: 73/73 MP: 14/14
  9188 | D:8      | Reached skill level 11 in Polearms
  9208 | D:8      | Identified the +1 helmet "Runiuzilud" {Fly rF- Int+5}
  9739 | D:8      | Noticed Maggie
  9753 | D:8      | Killed Maggie
 10212 | D:9      | Reached skill level 5 in Evocations
 10260 | D:9      | Reached skill level 12 in Polearms
 10393 | D:9      | Noticed a two-headed ogre
 10472 | D:9      | Noticed a kobold demonologist
 10479 | D:9      | Killed a kobold demonologist
 10480 | D:9      | Reached skill level 10 in Fighting
 10566 | D:9      | Killed a two-headed ogre
 10567 | D:9      | Reached XP level 11. HP: 82/82 MP: 10/15
 10601 | D:9      | Found a shimmering altar of Xom.
 10613 | D:9      | Reached skill level 10 in Dodging
 10613 | D:9      | Found a staircase to the Lair.
 10753 | D:9      | Reached skill level 13 in Polearms
 10840 | D:9      | Noticed a two-headed ogre
 10855 | D:9      | Killed a two-headed ogre
 11004 | D:9      | Found a faded altar of an unknown god.
 11004 | D:9      | Found a faded altar of an unknown god.
 11012 | D:9      | Found an ancient bone altar of Kikubaaqudgha.
 11014 | D:9      | Found a basalt altar of Yredelemnul.
 11016 | D:9      | Found a sacrificial altar of Ru.
 11692 | D:9      | Noticed a cyclops
 11711 | D:9      | Killed a cyclops
 11871 | D:9      | Found a glowing golden altar of the Shining One.
 12305 | D:10     | Entered Level 10 of the Dungeon
 12366 | D:10     | Noticed a two-headed ogre
 12375 | D:10     | Killed a two-headed ogre
 12376 | D:10     | Reached skill level 14 in Polearms
 12657 | D:10     | Noticed a two-headed ogre
 12668 | D:10     | Killed a two-headed ogre
 13674 | Lair:1   | Entered Level 1 of the Lair of Beasts
 13799 | Lair:1   | Found a transporter.
 13871 | Lair:1   | Reached XP level 12. HP: 91/91 MP: 16/16
 14053 | Lair:1   | Found a transporter.
 14058 | Lair:1   | Noticed Xaytacwe's ghost (journeyman GnNe)
 14058 | Lair:1   | Noticed a spriggan berserker
 14060 | Lair:1   | Found a bloodstained altar of Trog.
 14098 | Lair:1   | Noticed an eight-headed hydra
 14133 | Lair:1   | HP: 3/91 [eight-headed hydra (10)]
 14180 | Lair:1   | Killed an eight-headed hydra
 14181 | Lair:1   | Reached skill level 15 in Polearms
 14508 | Lair:1   | Found a burning altar of Makhleb.
 15556 | Lair:2   | Noticed a boulder beetle
 15568 | Lair:2   | Killed a boulder beetle
 15630 | Lair:2   | Reached ***** piety under Hepliaklqana
 15775 | Lair:2   | Reached skill level 16 in Polearms
 16519 | Lair:3   | Found a hole to the Spider Nest.
 17523 | Lair:4   | Reached XP level 13. HP: 88/99 MP: 17/17
 17943 | Lair:4   | Found a staircase to the Swamp.
 19052 | Lair:5   | Reached skill level 15 in Dodging
 19832 | Lair:5   | Noticed Snorg
 19854 | Lair:5   | Killed Snorg
 20429 | Lair:6   | Entered Level 6 of the Lair of Beasts
 20815 | Lair:6   | Found a staircase to the Slime Pits.
 21053 | Lair:6   | Reached skill level 17 in Polearms
 21380 | Lair:6   | Reached ****** piety under Hepliaklqana
 21877 | Lair:6   | Reached skill level 15 in Fighting
 21877 | Lair:6   | Reached skill level 18 in Polearms
 21879 | Lair:6   | Reached XP level 14. HP: 109/110 MP: 18/18
 22577 | Lair:6   | Reached skill level 19 in Polearms
 22872 | Lair:6   | Found a corrupted altar of Lugonu.
 22872 | Lair:6   | Found a one-way gate to the infinite horrors of the Abyss.
 22993 | Lair:6   | Identified the ring of Feexkeho {rElec EV+4}
 23221 | D:10     | Found a staircase to the Orcish Mines.
 23370 | Orc:1    | Entered Level 1 of the Orcish Mines
 23390 | Orc:1    | Found a transporter.
 23398 | Orc:1    | Noticed AlmostDecent's ghost (journeyman GnEE)
 23419 | Orc:1    | Found Uzots's General Store.
 23436 | Orc:1    | Bought 3 scrolls of identify for 60 gold pieces
 23456 | Orc:1    | Found a transporter.
 23538 | Orc:2    | Entered Level 2 of the Orcish Mines
 24789 | D:11     | Found a portal to a secret trove of treasure.
 25119 | D:11     | Reached skill level 20 in Polearms
 25753 | D:12     | Noticed Fannar
 25768 | D:12     | Killed Fannar
 26266 | D:12     | Noticed Maurice
 26278 | D:12     | Killed Maurice
 26798 | D:12     | Found a runed translucent door.
 26798 | D:12     | Noticed a vampire knight
 27180 | D:13     | Reached skill level 21 in Polearms
 27764 | D:13     | Reached skill level 22 in Polearms
 27810 | D:13     | Found a gate to the Vaults.
 27825 | D:13     | Noticed Sonja
 27836 | D:13     | Killed Sonja
 27837 | D:13     | Reached XP level 15. HP: 43/118 MP: 19/19
 29129 | D:14     | Reached skill level 23 in Polearms
 29762 | D:13     | Reached skill level 24 in Polearms
 30715 | D:15     | Entered Level 15 of the Dungeon
 30919 | D:15     | Reached skill level 1 in Armour
 31101 | D:15     | Found a staircase to the Depths.
 31729 | D:15     | HP: 4/120 [yaktaur/bolt (17)]
 32627 | Swamp:1  | Entered Level 1 of the Swamp
 33091 | Swamp:1  | Noticed Louise
 33134 | Swamp:1  | Killed Louise
 33162 | Swamp:1  | Noticed a ghoul
 33180 | Swamp:1  | Killed a ghoul
 33191 | Swamp:1  | Reached XP level 16. HP: 84/128 MP: 20/20
 35146 | Swamp:3  | Noticed a thorn hunter
 35156 | Swamp:3  | Killed a thorn hunter
 35590 | Swamp:3  | Noticed Aizul
 35609 | Swamp:3  | Killed Aizul
 36013 | Swamp:3  | Found a runed translucent gate.
 36014 | Swamp:3  | Found a runed translucent gate.
 36015 | Swamp:3  | Found a runed translucent gate.
 36015 | Swamp:3  | Noticed Ricegish's ghost (adept GnFi)
 36625 | Swamp:4  | Entered Level 4 of the Swamp
 36625 | Swamp:4  | Noticed a tentacled monstrosity
 37012 | Swamp:3  | Killed a tentacled monstrosity
 37013 | Swamp:3  | Reached skill level 5 in Armour
 37550 | Swamp:4  | Identified the +0 ring mail of a Gauntlet {Rampage *Slow
                  | rF- rN+++}
 38316 | Swamp:4  | Reached XP level 17. HP: 120/135 MP: 21/21
 38667 | Swamp:4  | Reached skill level 10 in Evocations
 38877 | Swamp:4  | Reached skill level 5 in Invocations
 38980 | Swamp:4  | Noticed a bone dragon
 39362 | Swamp:4  | Killed a bone dragon
 40274 | Swamp:4  | Got a decaying rune of Zot
 41008 | Orc:2    | Found Izighewi's Magic Scroll Emporium.
 41016 | Orc:2    | Bought a scroll of enchant weapon for 97 gold pieces
 41312 | Orc:2    | Found a staircase to the Elven Halls.
 41570 | Orc:2    | Found Efehi's Jewellery Boutique.
 41633 | Orc:2    | Found an ancient bone altar of Kikubaaqudgha.
 41637 | Orc:2    | Paralysed by an orc sorcerer for 4 turns
 41687 | Orc:2    | Noticed Erolcha
 41693 | Orc:2    | Killed Erolcha
 41694 | Orc:2    | Found a radiant altar of Vehumet.
 41796 | Orc:2    | Found Pafutwud's Distillery.
 41810 | Orc:2    | Found Otiveloy's Book Boutique.
 41827 | Orc:2    | Bought a potion of haste for 150 gold pieces
 41827 | Orc:2    | Bought a potion of heal wounds for 75 gold pieces
 41827 | Orc:2    | Bought a potion of might for 60 gold pieces
 41863 | Orc:2    | Found Douhy's Antique Weapon Shop.
 42107 | Elf:1    | Entered Level 1 of the Elven Halls
 42488 | Spider:1 | Entered Level 1 of the Spider Nest
 42622 | Spider:1 | Noticed Kirke
 42624 | Spider:1 | Noticed Kirke
 42624 | Spider:1 | Kirke changed into Kirke the hog
 42633 | Spider:1 | Killed Kirke the hog
 43387 | Spider:2 | Noticed Donald
 43403 | Spider:2 | Found a runed translucent door.
 43403 | Spider:2 | Found a shimmering altar of Xom.
 43403 | Spider:2 | Noticed Mlioglotl
 43404 | Spider:2 | Noticed ratboy's ghost (adept GrEE)
 43778 | Spider:2 | Noticed Arachne
 43796 | Spider:2 | Killed Arachne
 44132 | Spider:2 | Killed Mlioglotl
 44321 | Spider:2 | Reached XP level 18. HP: 145/145 MP: 22/22
 44602 | Spider:2 | Killed Donald
 46329 | Spider:4 | Entered Level 4 of the Spider Nest
 46947 | Spider:4 | Reached skill level 1 in Conjurations
 46947 | Spider:4 | Reached skill level 1 in Transmutations
 47789 | Spider:4 | Reached skill level 5 in Transmutations
 49127 | Spider:4 | Identified the +0 hat "Caiv" {Will+ Dex+2}
 49142 | Spider:4 | Got a gossamer rune of Zot
 49581 | Spider:4 | Learned a level 5 spell: Irradiate
 49988 | Elf:1    | Reached skill level 1 in Throwing
 50133 | Elf:1    | Reached XP level 19. HP: 131/152 MP: 23/23
 50644 | Elf:1    | Reached skill level 10 in Transmutations
 51126 | Elf:2    | Reached skill level 5 in Conjurations
 51237 | Elf:2    | Found a runed translucent gate.
 51238 | Elf:2    | Found a runed translucent gate.
 51239 | Elf:2    | Found a runed translucent gate.
 51901 | Elf:3    | Entered Level 3 of the Elven Halls
 52548 | Elf:3    | Reached skill level 5 in Throwing
 52824 | Elf:3    | Noticed Bai Suzhen
 52844 | Elf:3    | Killed Bai Suzhen
 53074 | Elf:3    | Identified the +1 leather armour "Wigheh" {rPois rF++}
 53222 | Elf:3    | Identified the +2 scimitar of Zin {vorpal, rC+ Str+5}
 53230 | Elf:3    | Identified the +7 hand axe "Jarer" {venom, rF+ rN+ Will++}
 53533 | Elf:3    | Got Onlul's Handbook of Noxious Shape Shifting
 53618 | Elf:3    | Reached XP level 20. HP: 154/158 MP: 24/24
 54531 | Vaults:1 | Entered Level 1 of the Vaults
 54580 | Vaults:1 | Cast into level 2 of the Abyss (a wizard)
 54602 | Abyss:2  | Found a corrupted altar of Lugonu.
 54990 | Vaults:1 | Escaped the Abyss
 55287 | Vaults:1 | Reached skill level 15 in Transmutations
 55456 | Vaults:1 | HP: 3/158 [ironbound frostheart/creeping frost (21)]
 55463 | Vaults:1 | Slain by an ironbound frostheart

Illustrated notes

Levels and vault maps discovered:
D:1:      minmay_arrival_radiant_lines, layout_rooms,
          shapermc_ecumenical_altar_mp_urbaneastern, serial_bayou_pond_b
D:2:      layout_loops_ring
D:3:      layout_loops_ring, serial_bayou, serial_bayou_pond_d,
          serial_bayou_pond_c, serial_bayou_pond_a, serial_bayou_pond_e,
          item_on_display_a, uniq_sigmund, uniq_natasha
D:4:      layout_layer_cave, dk_vineyard_1, uniq_eustachio, uniq_menkaure
D:5:      minmay_diamond_boxcup, layout_basic, nicolae_gozag_seed_capital,
          uniq_edmund
D:6:      layout_rooms, minmay_temple_entry_overgrown,
          minmay_misc_feat_four_crosses
D:7:      layout_gridville, serial_glass, glass_columns_b, glass_columns_b
D:8:      layout_rooms, hangedman_abyss_or_decor_stagger, grunt_livestock,
          kennysheep_generic_room_4, uniq_maggie
D:9:      layout_basic, nicolae_tso_swordbearing_angel,
          chequers_temple_overflow_minitemple, xom_confusion_cloud,
          due_lair_maze_entry_diamond, nrook_mini_backslash,
          minmay_crystal_water, hellmonk_guarded_unrand_dark_maul
D:10:     layout_roguey, erik_orc_2
D:11:     layout_basic, enter_trove_2
D:12:     layout_gridville, kennysheep_treasure_room, uniq_fannar, uniq_maurice
D:13:     layout_cave_pods, david_vaults_2, drop_trap, uniq_sonja
D:14:     layout_cave_pools, minmay_misc_feat_doors,
          ebering_dispersal_statue_hall
D:15:     gammafunk_depths_entry_grave, layout_basic, serial_park_square2,
          lemuel_freeze_loot_1
Lair:1:   layout_cave_pods, basic_altar, gammafunk_ghost_wrathful_warriors,
          infiniplex_staircase_pool, serial_bayou_shore_b, serial_bayou_shore_b
Lair:2:   layout_chaotic_city, chequers_serial_rivers_micro_a, lemuel_fruit_tree
Lair:3:   layout_regular_city, spider_nest_entry_funnel_web, minivault_27,
          ldierk_geyser, minmay_lair_oklob_bushes
Lair:4:   layout_regular_city, swamp_mist, grunt_megastairs_5,
          lemuel_fruit_fields, infiniplex_staircase_pool_2
Lair:5:   layout_regular_city, uniq_snorg
Lair:6:   hellmonk_lair_end_abyssal_woods, layout_regular_city,
          minmay_slime_entry_pillars, eino_house_with_fridge
Swamp:1:  layout_falls_marsh, evilmike_swamp_ruin_house_4, swamp_pool5,
          uniq_louise
Swamp:2:  layout_basic_swamp, nicolae_swamp_decorative_isthmus, swamp_pool1
Swamp:3:  layout_falls_marsh, gammafunk_ghost_hydra_chop, serial_swamp_ruin,
          evilmike_swamp_ruin_house_3, hangedman_swamp_ruin_hall, uniq_aizul
Swamp:4:  swamp_pestilence, layout_basic_swamp
Spider:1: layout_spider_delve, uniq_kirke
Spider:2: layout_spider_delve, ebering_ghost_xom, guppyfry_spider_mini_3,
          uniq_donald, uniq_arachne, uniq_mlioglotl
Spider:3: layout_spider_delve, drop_trap, nicolae_spider_moth_buddies
Spider:4: hellmonk_spider_rune_bug_friends
Orc:1:    layout_diamond_mine, gammafunk_ghost_stat_death, serial_shops,
          nicolae_shop_temple_entry_statues_fountains, david_defended_altar_orc
Orc:2:    kennysheep_orc_mage_school, layout_diamond_mine, basic_altar,
          serial_shops, shop
Elf:1:    nicolae_elf_arrival_fired_up, layout_rooms, serial_glass,
          glass_columns_a, glass_columns_a, glass_columns_a, glass_columns_a,
          glass_columns_c, glass_columns_a, glass_columns_b, glass_columns_a,
          glass_columns_c, glass_columns_b, glass_columns_a, glass_columns_c,
          glass_columns_c, glass_columns_c
Elf:2:    elven_hall_of_blades_hangedman_original
          [nicolae_blade_entry_floor_patterns], layout_gridlike
Elf:3:    minmay_elf_hall_curves, layout_geoelf_castle, uniq_bai_suzhen
Vaults:1: hangedman_vaults_corner, hangedman_vaults_locks, v_pattern_1,
          nicolae_vaults_octagons, vaults_room_door_hall, ontoclasm_vaults_chip,
          v_misc_26, nicolae_vaults_specimen_jars, nicolae_vaults_theta,
          vaults_room_large_hall, vaults_room_hallway,
          nicolae_vaults_hallways_thing, nicolae_vaults_little_squares_1,
          ontoclasm_vaults_pinch, nicolae_vaults_circle_grid_a,
          ontoclasm_vaults_gateway, layout_vaults_maze_bifur

Skill      XL: |  1  2  3  4  5  6  7  8  9 10 11 12 13 14 15 16 17 18 19 20 |
---------------+-------------------------------------------------------------+-----
Fighting       | 1 2 3 4 5 7 8 10 11 13 15 16 17 18 19 20 | 20.1
Spellcasting   | 3 |  3.0
Polearms       | 3 5 6 8 10 12 14 16 18 22 24 | 24.0
Dodging        | 4 5 6 7 9 12 14 15 16 17 19 | 19.9
Invocations    | 3 4 6 |  6.2
Evocations     | 3 5 6 7 9 10 | 10.1
Armour         | 3 5 7 8 |  8.5
Conjurations   | 4 6 7 |  7.1
Transmutations | 9 14 15 | 15.3
Throwing       | 1 6 |  6.3
Stealth        | |  2.1
Fire Magic     | |  2.1

Action                   |  1- 3 |  4- 6 |  7- 9 | 10-12 | 13-15 | 16-18 | 19-21 || total
-------------------------+-------+-------+-------+-------+-------+-------+-------++-------
Melee: Unarmed           |     6 |       |       |       |       |       |       ||     6
       Dagger            |    14 |     4 |       |       |       |       |       ||    18
       Punch             |     1 |       |       |       |       |       |       ||     1
       Scythe            |       |    31 |   107 |       |       |       |       ||   138
       Spear             |       |       |    59 |       |       |       |       ||    59
       Halberd           |       |       |    26 |   485 |   215 |       |       ||   726
       Tailslap          |       |       |       |     6 |     6 |    39 |       ||    51
       Trident           |       |       |       |     8 |       |       |       ||     8
       Bardiche          |       |       |       |       |   886 |  1241 |   525 ||  2652
Throw: Boomerang         |       |       |       |       |       |       |    24 ||    24
 Cast: Foxfire           |    58 |    41 |    22 |     1 |     1 |       |     3 ||   126
       Irradiate         |       |       |       |       |       |       |    12 ||    12
Invok: Ancestor Identity |     1 |       |       |       |       |       |       ||     1
       Ancestor Life: Kn |       |     1 |       |       |       |       |       ||     1
       Recall Ancestor   |       |       |     2 |     1 |     5 |    11 |     1 ||    20
       Transference      |       |       |       |     4 |     2 |       |       ||     6
       Idealise          |       |       |       |     3 |     2 |     4 |     2 ||    11
Evoke: Wand              |       |       |       |    12 |    19 |    19 |       ||    50
       Phantom mirror    |       |       |       |       |       |     5 |       ||     5
  Use: Scroll            |       |       |       |       |    21 |    19 |    11 ||    51
       Potion            |       |       |       |       |     1 |     1 |     7 ||     9
 Stab: Sleeping          |       |     5 |    10 |     4 |     3 |     2 |       ||    24
       Distracted        |       |       |     1 |     3 |    13 |    21 |     4 ||    42
       Paralysed         |       |       |       |     6 |     1 |       |       ||     7
Armor: Robe              |     8 |     9 |    10 |       |       |       |       ||    27
       Leather armour    |       |       |    21 |     5 |       |       |       ||    26
       Scale mail        |       |       |       |     3 |       |       |       ||     3
       Swamp dragon scal |       |       |       |    42 |   206 |   258 |    34 ||   540
       Pearl dragon scal |       |       |       |       |       |       |    59 ||    59
Dodge: Dodged            |    21 |    19 |    82 |   143 |   673 |   900 |   312 ||  2150
       Repelled          |       |       |       |       |     2 |    26 |    15 ||    43
Block: Other             |       |       |       |    35 |   145 |   200 |    66 ||   446
       Reflection        |       |       |       |     1 |     7 |     5 |    20 ||    33
